Map: White Rabbit LE

Players

Serral - Winner!

  • Race: Zerg Zerg
  • League: Diamond
  • Spawn Location: 7:00

HoldTheDoor

  • Race: Protoss Protoss
  • League: Diamond
  • Spawn Location: 1:00

VOD

Have the link to the VOD?

Description

Time

  • Played on: May 19, 2026, 12:37 p.m.
  • Length: 3:47
Show
View Real Time Build Order
Export as new Build Order

Serral Zerg - Winner!

Build Orders: 3 Hatch before Pool 

Get SALT Encoding   

  12  0:00  Drone  
  13  0:08  Drone  
  13  0:13  Extractor  
  13  0:15  Drone  
  15  0:39  Hatchery  
  14  1:03  Hatchery  
  13  1:17  Spawning Pool  
  12  1:30  Drone x2  
  14  1:34  Extractor  
  14  1:35  Drone  
  15  1:42  Overlord  
  15  2:06  Zergling x2  
  15  2:07  Zergling x6  
  19  2:16  Queen  
  19  2:17  Zergling x4  
  19  2:18  Zergling x2  
  24  2:24  Zergling x4  
  24  2:27  Zergling x2  
  27  2:38  Zergling x4  
  27  2:39  Zergling x2  
  30  2:48  Zergling x6  
  31  3:13  Overlord x2  
Show
View Real Time Build Order
Export as new Build Order

HoldTheDoor Protoss 

Build Orders: 1 Gate Expand 

Get SALT Encoding   

  12  0:00  Probe  
  13  0:12  Probe  
  14  0:18  Pylon  
  14  0:23  Probe  
  15  0:32  Probe  
  15  0:38  Gateway  
  15  0:40  Probe  
  17  0:50  Assimilator  
  17  0:51  Probe  
  18  1:03  Probe  
  19  1:22  Nexus  
  19  1:33  Cybernetics Core  
  19  1:36  Probe  
  20  1:47  Pylon  
  20  1:48  Probe  
  21  1:57  Stalker  
  21  2:00  Probe  
  22  2:11  Gateway  
  24  2:16  Probe  
  25  2:23  Stalker  
  25  2:28  Probe  
  28  2:36  Probe  
  29  2:40  Probe  
  30  2:48  Probe  
  30  2:50  Robotics Facility  
  31  2:52  Probe  
  32  3:01  Probe  
  32  3:05  Pylon  
  32  3:13  Pylon  
  32  3:17  Gateway  
  32  3:20  Pylon  
  32  3:27  Pylon  
  32  3:32  Gateway  
  30  3:37  Cybernetics Core  
Tags
 
Add a new tag
Caveats
  • Supply blocks, unpowered buildings, or Contaminate may cause inaccurate times.
  • Supply counts are checked every 10 seconds.